 Dungeon Crawl Stone Soup version bcrawl-1.12-8-g964540c432 (webtiles) character file.

Game seed: 7980694426003752464

11339 MisterOstroum the Grappler (level 11, -9/115 HPs)
             Began as a Troll Berserker on June 8, 2019.
             Was a High Priest of Trog.
             Mangled by a blink frog (12 damage)
             ... on level 1 of the Lair of Beasts on June 9, 2019.
             The game lasted 00:49:15 (8080 turns).

MisterOstroum the Grappler (Troll Berserker)        Turns: 8080, Time: 00:49:15

Health: -9/115     AC:  9    Str: 30    XL:     11   Next: 48%
Magic:  13/13      EV: 12    Int:  4    God:    Trog [*****.]
Gold:   274        SH:  4    Dex:  9    Spells: 10/10 levels left

rFire    . . .     SeeInvis .     - Unarmed
rCold    . . .     Gourm    +   (no shield)
rNeg     . . .     Faith    .   (armour unavailable)
rPois    +         Spirit   .   (helmet restricted)
rElec    .         Reflect  +   (no cloak)
rCorr    +         Harm     .   (gloves unavailable)
MR       ++...                  (boots unavailable)
Stlth    +.........             y - +4 amulet of reflection
HPRegen  1.69/turn              f - ring of resist corrosion
MPRegen  0.13/turn              H - ring of poison resistance

@: berserk cooldown, regenerating, slowed, very slow
A: large, almost no armour, unfitting armour, claws 3, fast metabolism 3,
gourmand, regeneration 1, AC +9
a: Berserk, Trog's Hand, Brothers in Arms, Renounce Religion


You were on level 1 of the Lair of Beasts.
You worshipped Trog.
Trog was extremely pleased with you.
You were not hungry.

You visited 2 branches of the dungeon, and saw 9 of its levels.
You also visited: Ossuary.

You collected 514 gold pieces.
You spent 240 gold pieces at shops.

Inventory:

Hand Weapons
 a - a +2 glaive of holy wrath
Missiles
 c - 1492 stones
 n - 98 javelins
 D - 170 tomahawks (quivered)
Jewellery
 f - a ring of resist corrosion (left claw)
 y - a +4 amulet of reflection (around neck)
 H - a ring of poison resistance (right claw)
Wands
 m - a wand of acid (16)
 u - a wand of disintegration (8)
 v - a wand of polymorph (6)
Scrolls
 b - 3 scrolls of blinking {unknown}
 d - 3 scrolls of enchant weapon {unknown}
 i - 4 scrolls of teleportation {unknown}
 j - a scroll of fear {!r}
 k - 6 scrolls of remove curse {unknown}
 l - a scroll of noise
 w - 2 scrolls of enchant armour {unknown}
 x - 3 scrolls of fog {unknown}
 G - a scroll of magic mapping {@r5 !r}
Potions
 g - a potion of cancellation
 h - 2 potions of brilliance
 o - 3 potions of haste {@q4 !q}
 p - a potion of mutation
 q - 3 potions of flight
 t - a potion of resistance {unknown}
 A - 5 potions of curing {@q1 !q}
 C - a potion of lignification {@q6}
 E - a potion of ambrosia
 F - 2 potions of might
Comestibles
 e - 16 rations {!d}


   Skills:
 * Level 9.5 Fighting
 + Level 6.1 Dodging
 * Level 11.5 Unarmed Combat
 + Level 5.0 Evocations


You had 10 spell levels left.
You didn't know any spells.
Your spell library contained the following spells:

 Spells                   Type           Power        Failure   Level  Hunger
 Infusion                 Chrm           #.......     50%         1    ##.....


Dungeon Overview and Level Annotations

Branches:
Dungeon (8/12)             Temple (0/1) D:6            Lair (1/6) D:8
    Orc: D:8-11

Altars:
Elyvilon
Fedhas
Hepliaklqana
Kikubaaqudgha
Okawaru
Sif Muna
Vehumet

Shops:
D:5 *


Innate Abilities, Weirdness & Mutations

You cannot wear most types of armour.
Your thick skin is tough. (AC +9)
You are too large for most types of armour.
You have claws for hands.
Your metabolism is lightning-fast.
You like to eat raw meat.
Your natural rate of healing is unusually fast.


Message History

You kill the killer bee!
Trog accepts your kill.
You closely miss the blink frog. The yak gores you!
You claw the blink frog!
The blink frog is moderately wounded.
The blink frog hits you! You block the blink frog's attack.
You mangle the blink frog!!
You kill the blink frog!
Trog accepts your kill.
Your Evocations skill increases to level 5!
The yak barely misses you. The blink frog hits you.
The blink frog blinks!
You claw the blink frog! Your claw misses the blink frog.
The blink frog is almost dead.
The blink frog blinks!
The blink frog misses you. The yak barely misses you.
You eviscerate the blink frog!!!
You kill the blink frog!
Trog accepts your kill.
You are no longer berserk.
You are exhausted.
You feel yourself slow down.
You eviscerate the yak!!!
You kill the yak!
Trog accepts your kill.
You scratch the yak.
The yak is lightly wounded.
The yak gores you. You block the blink frog's attack.
You mangle the yak!!
The yak is heavily wounded.
You block the yak's attack. The blink frog closely misses you.
The yak gores you but does no damage.
You claw the yak!
The yak is almost dead.
The blink frog hits you.
The blink frog blinks!
The blink frog hits you!
* * * LOW HITPOINT WARNING * * *
The yak closely misses you.
You claw the yak!
You kill the yak!
Trog accepts your kill. The blink frog hits you.
* * * LOW HITPOINT WARNING * * *
The blink frog barely misses you.
The blink frog blinks!
Things that are here:
a yak corpse; a crocodile corpse; a killer bee corpse The blink frog blinks!
The blink frog blinks!
You barely miss the blink frog.
The blink frog completely misses you. x2
You closely miss the blink frog.
The blink frog blinks!
The blink frog misses you.
You closely miss the blink frog.
You claw the blink frog, but do no damage.
The blink frog hits you.
* * * LOW HITPOINT WARNING * * *
The blink frog blinks!
You miss the blink frog.
The blink frog blinks!
The blink frog hits you!
* * * LOW HITPOINT WARNING * * *
The blink frog blinks!
The blink frog blinks!
The blink frog barely misses you.
A killer bee comes into view.
The blink frog misses you.
The killer bee moves out of view.
A killer bee comes into view.
The blink frog misses you. The blink frog barely misses you.
The killer bee moves out of view.
A killer bee comes into view.
The blink frog blinks!
You block the blink frog's attack. The blink frog hits you!
* * * LOW HITPOINT WARNING * * *
Found a dark potion.
The killer bee buzzes angrily. x3
The blink frog hits you.
* * * LOW HITPOINT WARNING * * *
The killer bee barely misses you. The blink frog hits you!
* * * LOW HITPOINT WARNING * * *
Really quaff
s - a potion of heal wounds {@q2 !q}?
You feel much better.
The killer bee stings you but does no damage.
The killer bee misses you.
The blink frog blinks!
You block the blink frog's attack. The killer bee stings you.
* * * LOW HITPOINT WARNING * * *
The killer bee barely misses you. The blink frog hits you.
* * * LOW HITPOINT WARNING * * *
The killer bee stings you but does no damage. x3
You block the killer bee's attack. The killer bee stings you.
* * * LOW HITPOINT WARNING * * *
The blink frog blinks!
The killer bee barely misses you. The killer bee stings you.
* * * LOW HITPOINT WARNING * * *
You see here a ring mail.
Your skin crawls.
You feel resistant to hostile enchantments.
The killer bee stings you.
* * * LOW HITPOINT WARNING * * *
The killer bee stings you.
* * * LOW HITPOINT WARNING * * *
The killer bee barely misses you.
The killer bee stings you but does no damage.
The blink frog hits you!
You die...

.........♣..♣.♣.♣..♣♣§.........
..♣#♣..♣...♣.♣...♣.♣♣#††.......
..♣#♣.♣♣♣.........♣♣ #.†.......
..♣♣......♣♣♣..♣.F.# ###.......
..♣♣...♣.♣.♣..♣....# .......
..#♣..≈...#≈≈♣.♣..♣♣# ##......
..#♣♣≈≈≈.###≈≈♣.y♣§.♣... ......
..♣♣≈≈≈≈## ##≈≈F♣y♣..# ......
♣≈≈≈## ##.≈@y...# .... ..♣≈##
##≈≈≈.♣♣.F.. ..♣.. #♣≈≈♣♣ ....
..♣♣♣ .≈.♣ .... #.♣.. ...
#..... ... #♣..♣♣ .♣


You could see 2 blink frogs and 2 killer bees.

Vanquished Creatures
  Pikel (D:6)
  2 komodo dragons (Lair:1)
  2 trolls
  A hornet (D:5)
  Grinder (D:6)
  A meliai zombie (D:8)
  3 hippogriffs (D:8)
  2 blink frogs (Lair:1)
  14 yaks
  2 wraiths (Ossuary)
  Eustachio (D:6)
  A hungry ghost (D:7)
  Menkaure (D:6)
  2 water moccasins
  An ice beast (D:7)
  2 orc warriors
  An eye of draining (D:8)
  A phantom (D:6)
  2 sky beasts (D:6)
  A black bear (D:8)
  A necrophage (D:8)
  2 ogres
  A wolf (D:8)
  4 centaurs
  A crocodile (Lair:1)
  2 big kobolds
  2 bullfrogs
  3 scorpions
  A water moccasin skeleton (D:5)
  43 killer bees
  5 electric eels (D:8)
  4 wights (Ossuary)
  3 howler monkeys
  4 crimson imps
  2 jellies
  A quasit (D:6)
  2 centaur zombies
  6 orc priests
  6 hounds
  A bullfrog zombie (D:3)
  3 orc wizards
  Terence (D:2)
  3 iguanas
  6 worker ants
  A hound skeleton (D:8)
  A mummy (D:5)
  Robin (D:4)
  7 adders
  An ooze (D:3)
  2 adder zombies
  2 adder skeletons
  5 worms (D:2)
  4 dart slugs
  3 leopard geckos
  33 orcs
  9 giant cockroaches
  11 goblins
  11 hobgoblins
  12 jackals
  6 quokkas
  2 ball pythons (D:3)
  3 ball python skeletons (Ossuary)
  5 bats
  A frilled lizard (D:1)
  A jackal skeleton (D:7)
  A jackal zombie (D:4)
  11 kobolds
  5 kobold zombies
  2 orc skeletons (Ossuary)
  3 orc zombies
  3 rats
295 creatures vanquished.

Vanquished Creatures (others)
  A wolf (D:8)
  2 fungi (Lair:1)
3 creatures vanquished.

Grand Total: 298 creatures vanquished

Notes
Turn   | Place    | Note
-------+----------+-------------------------------------------
     0 | D:1      | MisterOstroum the Troll Berserker began the quest for the
                  | Orb.
     0 | D:1      | Reached XP level 1. HP: 22/22 MP: 0/0
   254 | D:1      | Reached XP level 2. HP: 29/29 MP: 1/1
   953 | D:2      | Reached XP level 3. HP: 30/37 MP: 2/2
  1037 | D:2      | Found a white marble altar of Elyvilon.
  1049 | D:2      | Noticed Terence
  1054 | D:2      | Killed Terence
  1058 | D:2      | Reached skill level 4 in Unarmed Combat
  1179 | D:2      | Gained mutation: Your natural rate of healing is unusually
                  | fast. [Troll growth]
  1179 | D:2      | Reached XP level 4. HP: 45/45 MP: 3/3
  1457 | D:2      | Reached ** piety under Trog
  1817 | D:3      | Reached XP level 5. HP: 40/54 MP: 4/4
  2029 | D:3      | Reached skill level 5 in Unarmed Combat
  2111 | D:3      | Reached XP level 6. HP: 22/63 MP: 5/5
  2531 | D:4      | Found a hazy altar of Hepliaklqana.
  2571 | D:4      | Reached *** piety under Trog
  2693 | D:4      | Reached skill level 6 in Unarmed Combat
  2703 | D:4      | Reached skill level 5 in Fighting
  2703 | D:4      | Reached XP level 7. HP: 71/72 MP: 6/6
  2864 | D:4      | Reached skill level 7 in Unarmed Combat
  2932 | D:4      | Noticed Robin
  2946 | D:4      | Killed Robin
  2957 | D:4      | Found a blossoming altar of Fedhas.
  3049 | D:4      | Found a sand-covered staircase.
  3063 | Ossuary  | Entered an ossuary
  3134 | Ossuary  | Reached skill level 8 in Unarmed Combat
  3187 | Ossuary  | Noticed a wraith
  3187 | Ossuary  | Noticed a flying skull
  3193 | Ossuary  | Noticed a flying skull
  3194 | Ossuary  | Noticed a flying skull
  3218 | Ossuary  | Noticed a flying skull
  3230 | Ossuary  | Reached XP level 8. HP: 77/80 MP: 7/7
  3287 | Ossuary  | Reached skill level 9 in Unarmed Combat
  3354 | D:4      | Reached **** piety under Trog
  3395 | D:4      | Found a radiant altar of Vehumet.
  3395 | D:4      | Found an ancient bone altar of Kikubaaqudgha.
  3396 | D:4      | Found a deep blue altar of Sif Muna.
  3402 | D:4      | Identified Sif Muna's Tome of Augmentations
  3545 | D:5      | Entered Level 5 of the Dungeon
  3586 | D:5      | Noticed a hornet
  3633 | D:5      | Found Opiric's Assorted Antiques.
  3715 | D:4      | Reached skill level 1 in Evocations
  3751 | D:5      | Killed a hornet
  3816 | D:5      | Bought a potion of haste for 240 gold pieces
  4178 | D:6      | Reached XP level 9. HP: 77/89 MP: 9/9
  4178 | D:6      | Noticed Menkaure
  4188 | D:6      | Killed Menkaure
  4259 | D:6      | Noticed Eustachio
  4271 | D:6      | Killed Eustachio
  4382 | D:6      | Reached skill level 10 in Unarmed Combat
  4406 | D:6      | Noticed a troll
  4410 | D:6      | Killed a troll
  4412 | D:6      | Noticed Grinder
  4417 | D:6      | Killed Grinder
  4718 | D:6      | Noticed Pikel
  4720 | D:6      | Reached ***** piety under Trog
  4728 | D:6      | Killed Pikel
  5000 | D:6      | Found a staircase to the Ecumenical Temple.
  5166 | D:7      | Reached XP level 10. HP: 95/102 MP: 11/11
  5491 | D:7      | Found an iron altar of Okawaru.
  6129 | D:8      | Reached skill level 5 in Dodging
  6442 | D:8      | Found a staircase to the Lair.
  7024 | D:8      | Found a blossoming altar of Fedhas.
  7054 | D:8      | Reached skill level 11 in Unarmed Combat
  7556 | Lair:1   | Entered Level 1 of the Lair of Beasts
  7611 | Lair:1   | Reached XP level 11. HP: 113/113 MP: 13/13
  7835 | D:8      | Received a gift from Trog
  8050 | Lair:1   | Reached skill level 5 in Evocations
  8076 | Lair:1   | HP: 4/115 [blink frog (11)]
  8080 | Lair:1   | Mangled by a blink frog

Skill      XL: |  1  2  3  4  5  6  7  8  9 10 11 |
---------------+----------------------------------+-----
Fighting       | 3 4 5 7 8 9 |  9.5
Unarmed Combat | 4 5 6 8 9 10 11 | 11.5
Evocations     | 1 3 4 5 |  5.0
Dodging        | 3 4 5 6 |  6.1

Action                   |  1- 3 |  4- 6 |  7- 9 | 10-12 || total
-------------------------+-------+-------+-------+-------++-------
Melee: Unarmed           |    65 |   157 |   225 |   334 ||   781
       Punch             |     1 |     2 |    12 |    12 ||    27
Throw: Stone             |       |     4 |     4 |     9 ||    17
       Javelin           |       |       |       |    11 ||    11
       Tomahawk          |       |       |       |     2 ||     2
Invok: Berserk           |     1 |     4 |     9 |    11 ||    25
       Trog's Hand       |       |       |     1 |     3 ||     4
Evoke: Wand              |       |       |       |     3 ||     3
  Use: Potion            |       |       |     1 |     5 ||     6
       Scroll            |       |       |       |    13 ||    13
 Stab: Distracted        |       |     1 |       |       ||     1
  Eat: Chunk             |    13 |    14 |    18 |    29 ||    74
       Ration            |       |       |     1 |       ||     1
Armor: Skin              |    16 |    46 |    86 |   132 ||   280
Dodge: Dodged            |    36 |    88 |   105 |   253 ||   482
Block: Other             |       |       |     2 |    74 ||    76
       Reflection        |       |       |       |     2 ||     2
